 Dungeon Crawl Stone Soup version 0.30.0-19-g36f170ea60 (webtiles) character file.

Game seed: 7791510356180061954

55 monsoonserge the Chopper (level 3, -3/33 HPs)
             Began as a Minotaur Chaos Knight on May 29, 2023.
             Was a Plaything of Xom.
             Slain by a goblin
             ... wielding a +0 dagger
             ... led by Robin
              (5 damage)
             ... on level 2 of the Dungeon.
             The game lasted 00:02:50 (1115 turns).

monsoonserge the Chopper (Minotaur Chaos Knight)    Turns: 1115, Time: 00:02:51

Health: -3/33      AC:  5    Str: 18    XL:     3   Next: 67%
Magic:  2/2        EV: 11    Int:  9    God:    Xom [..*...]
Gold:   83         SH:  0    Dex:  7    Spells: 2/2 levels left

rFire   . . .        a - +0 hand axe (chaos)
rCold   . . .        (no shield)
rNeg    . . .        b - +2 leather armour
rPois   .            (helmet restricted)
rElec   .            (no cloak)
rCorr   .            (no gloves)
SInv    .            (no boots)
Will    .....        (no amulet)
Stlth   +            (no ring)
HPRegen 0.25/turn    (no ring)
MPRegen 0.08/turn

%: no passive effects
@: attractive
A: horns 2, retaliatory headbutt, clumsy 1, mutation resistance 1, MP-powered
wands
a: Renounce Religion


You were on level 2 of the Dungeon.
You worshipped Xom.
You were a toy of Xom.
You visited 1 branch of the dungeon, and saw 2 of its levels.

You collected 83 gold pieces.

Inventory:

Hand Weapons
 a - a +0 hand axe of chaos (weapon)
Missiles
 e - 4 boomerangs (quivered)
Armour
 b - a +2 leather armour (worn)
 i - a +0 chain mail
Scrolls
 f - 2 scrolls of enchant armour {unknown}
 g - a scroll of fog {unknown}
 j - a scroll of noise {unknown}
 k - a scroll of torment {unknown}
 l - a scroll of summoning {unknown}
 m - a scroll of identify {unknown}
Potions
 d - a potion of attraction
Miscellaneous
 c - a piece from Xom's chessboard (15/15)


   Skills:
 + Level 4.2 Fighting
 + Level 4.6 Axes
 + Level 2.9 Armour
 + Level 1.6 Dodging
 + Level 0.2 Stealth


You had 2 spell levels left.
You didn't know any spells.
Your spell library was empty.

Dungeon Overview and Level Annotations

Branches:
Dungeon (2/15)

Altars:

Annotations:
D:2 Robin


Innate Abilities, Weirdness & Mutations

You have a pair of horns on your head.
You reflexively headbutt those who attack you in melee.
You are clumsy. (Dex -2)
You are somewhat resistant to further mutation.
You expend magic power (3 MP) to strengthen your wands.


Message History

The hobgoblin hits you but does no damage.
The goblin barely misses you.
You hit the hobgoblin.
The hobgoblin is almost dead.
You hit the hobgoblin. You burn the hobgoblin. You closely miss the goblin.
You barely miss the goblin. The goblin barely misses you. x2
You furiously retaliate!
You headbutt the goblin!
You kill the goblin!
The hobgoblin hits you. x2
* * * LOW HITPOINT WARNING * * *
You hit the hobgoblin.
You feel better.
Your headbutt misses the hobgoblin.
The hobgoblin is almost dead.
You hit Robin.
Robin seems to speed up.
You closely miss the goblin. You closely miss the hobgoblin.
Robin throws the goblin at you! The goblin hits you with a +0 club.
* * * LOW HITPOINT WARNING * * *
The hobgoblin closely misses you. The goblin hits you with a +0 dagger.
* * * LOW HITPOINT WARNING * * *
The hobgoblin hits you.
* * * LOW HITPOINT WARNING * * *
You emit a cloud of colourful smoke!
Robin throws the goblin at you!
Unknown command.
You closely miss the hobgoblin.
The hobgoblin is almost dead.
You hit the hobgoblin.
You kill the hobgoblin!
You barely miss the goblin. You hit the goblin.
You kill the goblin!
You hit Robin but do no damage. You hit the goblin.
The goblin is poisoned.
The goblin closely misses you. You furiously retaliate!
You headbutt the goblin!
You kill the goblin!
Robin hits you with a +0 dagger.
* * * LOW HITPOINT WARNING * * *
The hobgoblin barely misses you. You furiously retaliate!
You headbutt the hobgoblin, but do no damage.
The goblin hits you but does no damage. The hobgoblin misses you.
The goblin hits you with a +0 dagger.
You die...

##.....#.....###.
##.........†...##.
#...............##
#...............##
####.................
##....................
##...................#.
#....§§.............##.
#....g@§.....#.....##
#....gg§##...#.#####
##....S#...###.#
#.......### #.
#........# #........#
#........ ##........


You could see Robin (fast), a hobgoblin (strong), a goblin (strong, very
poisoned) and a ball python.

Vanquished Creatures
  2 adders (D:2)
  A worm (D:2)
  5 ball pythons
  2 endoplasms (D:1)
  4 hobgoblins
  3 bats (D:1)
  3 frilled lizards (D:1)
  11 goblins
  3 kobolds (D:1)
  A rat (D:1)
35 creatures vanquished.

Notes
Turn   | Place    | Note
-------+----------+-------------------------------------------
     0 | D:1      | monsoonserge the Minotaur Chaos Knight began the quest for
                  | the Orb.
     0 | D:1      | Reached XP level 1. HP: 19/19 MP: 0/0
   107 | D:1      | XOM: silly message
   243 | D:1      | Reached XP level 2. HP: 27/27 MP: 1/1
   294 | D:1      | XOM: divination: detect creatures
   408 | D:1      | XOM: silly message
   917 | D:2      | Reached XP level 3. HP: 22/33 MP: 2/2
  1104 | D:2      | Noticed Robin
  1112 | D:2      | Gained mutation: You expend magic power (3 MP) to
                  | strengthen your wands. [potion of mutation]
  1112 | D:2      | Gained mutation: You are clumsy. (Dex -2) [potion of
                  | mutation]
  1112 | D:2      | Gained mutation: You are somewhat resistant to further
                  | mutation. [potion of mutation]
  1114 | D:2      | XOM: smoke on damage
  1115 | D:2      | Slain by a goblin

Illustrated notes

Levels and vault maps discovered:
D:1:      minmay_arrival_stair_chambers, layout_basic
D:2:      layout_rooms, basic_altar, minmay_3d_cube, uniq_robin

Skill      XL: |  1  2 |
---------------+-------+-----
Axes           | 4 |  4.6
Fighting       | 4 |  4.2
Armour         | |  2.9
Dodging        | |  1.6
Stealth        | |  0.2

Action                     || total
---------------------------++-------
  Melee: Hand axe          ||    68
         Headbutt          ||     7
    Use: Potion            ||     2
 Armour: Leather armour    ||    27
  Dodge: Dodged            ||    61
